 Dungeon Crawl Stone Soup version 0.31-a0-14-gc80a10f4b6 (webtiles) character file.

Game seed: 16873372570436775400

57999 Monarks the Slicer (level 14, 0/109 HPs)
             Began as a Gnoll Conjurer on May 7, 2023.
             Was an Elder of Vehumet.
             Slain by an iron giant (shapeshifter) (30 damage)
             ... on level 13 of the Dungeon.
             The game lasted 02:51:26 (35609 turns).

Monarks the Slicer (Gnoll Conjurer)                Turns: 35609, Time: 02:51:27

Health: 0/109      AC: 13    Str:  7    XL:     14   Next: 88%
Magic:  2/29       EV: 20    Int: 22    God:    Vehumet [****..]
Gold:   593        SH:  6    Dex: 11    Spells: 4/35 levels left

rFire   + . .        S - staff of fire
rCold   . . .        A - +0 buckler
rNeg    + . .        O - +2 robe {rN+}
rPois   .            k - +0 helmet
rElec   .            K - +1 cloak
rCorr   .            E - +2 pair of gloves
SInv    .            G - +0 pair of boots
Will    +....        (no amulet)
Stlth   ++++         R - +5 ring of evasion
HPRegen 0.38/turn    l - ring of wizardry
MPRegen 0.21/turn

%: wizardry (x1)
@: studying Short Blades
A: fangs 1, strong nose, distributed training
a: Renounce Religion


You were on level 13 of the Dungeon.
You worshipped Vehumet.
Vehumet was greatly pleased with you.
You visited 5 branches of the dungeon, and saw 21 of its levels.
You also visited: Gauntlet.

You collected 1713 gold pieces.
You spent 1120 gold pieces at shops.

Inventory:

Armour
 k - a +0 helmet (worn)
 A - a +0 buckler (worn)
 E - a +2 pair of gloves (worn)
 G - a +0 pair of boots (worn)
 K - a +1 cloak (worn)
 O - a +2 robe of positive energy (worn)
Magical Staves
 S - a staff of fire (weapon)
Jewellery
 c - a ring of magical power
 l - a ring of wizardry (right hand)
 q - a ring of flight
 x - the ring "Ithuary" {rCorr Str+6}
   (You found it in a Gauntlet)

   [ring of strength]

   Str:       It affects your strength (+6).
   rCorr:     It protects you from acid and corrosion.
 C - a ring of see invisible
 M - a +4 ring of protection
 R - a +5 ring of evasion (left hand)
Wands
 d - a wand of mindburst (5)
 i - a wand of polymorph (2)
 w - a wand of roots (34)
 F - a wand of paralysis (13)
 I - a wand of flame (19)
 P - a wand of light (4)
 Z - a wand of digging (2)
Scrolls
 g - 2 scrolls of fear
 r - 3 scrolls of teleportation
 s - 2 scrolls of fog
 u - 2 scrolls of noise
 y - a scroll of silence
 U - 3 scrolls of magic mapping
 V - a scroll of enchant weapon
 X - 2 scrolls of identify
Potions
 a - a potion of heal wounds
 b - a potion of resistance
 f - 2 potions of might
 h - 6 potions of curing
 n - 7 potions of ambrosia
 z - a potion of berserk rage
 B - 2 potions of haste {unknown}
 J - a potion of cancellation
 L - 2 potions of flight {unknown}
 Q - a potion of brilliance
 T - a potion of lignification {unknown}
 W - 2 potions of invisibility
 Y - a potion of magic


   Skills:
 + Level 9.9 Fighting
 + Level 12.7 Short Blades
 + Level 9.9 Long Blades
 + Level 9.9 Axes
 + Level 9.9 Maces & Flails
 + Level 9.9 Polearms
 + Level 9.9 Staves
 + Level 9.9 Ranged Weapons
 + Level 9.9 Throwing
 + Level 9.9 Armour
 + Level 11.0 Dodging
 + Level 10.8 Stealth
 + Level 9.9 Shields
 + Level 9.9 Unarmed Combat
 + Level 11.1 Spellcasting
 + Level 11.0 Conjurations
 + Level 8.3 Hexes
 + Level 8.3 Summonings
 + Level 8.3 Necromancy
 + Level 8.3 Translocations
 + Level 8.3 Transmutations
 + Level 8.3 Fire Magic
 + Level 8.3 Ice Magic
 + Level 8.3 Air Magic
 + Level 8.3 Earth Magic
 + Level 8.3 Poison Magic
 + Level 10.8 Invocations
 + Level 9.9 Evocations


You had 4 spell levels left.
You knew the following spells:

 Your Spells              Type           Power      Damage    Failure   Level
a - Magic Dart            Conj           100%       1d8       1%          1
b - Conjure Ball Lightni  Conj/Air       26%        3x3d7     2%          6
c - Foxfire               Conj/Fire      100%       2x1d9     1%          1
d - Fulminant Prism       Conj/Hex       26%        3d14      1%          4
e - Iskenderun's Mystic   Conj/Tloc      53%        2d11      1%          4
f - Airstrike             Air            24%        2d(4-20)  1%          4
g - Starburst             Conj/Fire      35%        6d10      2%          6
h - Lee's Rapid Deconstr  Erth           24%        3d13*     1%          5

Your spell library contained the following spells:

 Spells                   Type           Power      Damage    Failure   Level
 Freeze                   Ice            100%       1d10      1%          1
 Necrotise                Necr           100%       1d9       1%          1
 Shock                    Conj/Air       100%       1d9       1%          1
 Call Imp                 Summ           98%        N/A       1%          2
 Lesser Beckoning         Tloc           98%        N/A       1%          2
 Searing Ray              Conj           100%       2d8       1%          2
 Dazzling Flash           Conj/Hex       100%       N/A       1%          3
 Frozen Ramparts          Ice            98%        1d15      1%          3
 Gell's Gravitas          Tloc           49%        N/A       1%          3
 Hailstorm                Conj/Ice       53%        3d12      1%          3
 Inner Flame              Hex/Fire       65%        N/A       1%          3
 Mephitic Cloud           Conj/Pois/Air  52%        N/A       1%          3
 Swiftness                Air            49%        N/A       1%          3
 Teleport Other           Tloc           49%        N/A       1%          3
 Vampiric Draining        Necr           49%        2d9       1%          3
 Vhi's Electric Charge    Tloc/Air       98%        N/A       1%          3
 Cause Fear               Hex            24%        N/A       1%          4
 Flame Wave               Conj/Fire      70%        2d16      1%          4
 Ice Form                 Ice/Tmut       49%        N/A       1%          4
 Leda's Liquefaction      Hex/Erth       24%        N/A       1%          4
 Sticky Flame             Conj/Fire      70%        2d8       1%          4
 Summon Ice Beast         Ice/Summ       49%        N/A       1%          4
 Arcjolt                  Conj/Air       26%        1d36      1%          5
 Fireball                 Conj/Fire      35%        3d15      1%          5
 Agony                    Necr           49%        N/A       2%          5
 Plasma Beam              Fire/Air       32%        2x1d50    4%          6
 Statue Form              Tmut/Erth      32%        N/A       16%         6
 Dragon Form              Tmut           24%        N/A       58%         7
 Maxwell's Capacitive Co  Air            24%        ∞         77%         8
 Dragon's Call            Summ           24%        N/A       100%        9


Dungeon Overview and Level Annotations

Branches:
Dungeon (13/15) Zot: 24829  Temple (1/1) D:4 Zot: 5879    Lair (5/5) D:10 Zot: 19547
 Shoals (1/4) Lair:2 Zot: 5998   Snake (0/4) Lair:2        Slime (0/5) Lair:4
    Orc (1/2) D:9 Zot: 5491 Gauntlet (visited)
 Vaults: D:13-14

Altars:
Ashenzari
Cheibriados
Dithmenos
Elyvilon
Fedhas
Gozag
Hepliaklqana
Kikubaaqudgha
Makhleb
Nemelex Xobeh
Okawaru
Qazlal
Ru
Sif Muna
Trog
Uskayaw
Vehumet
Wu Jian
Xom
Yredelemnul
Zin
The Shining One

Shops:
D:7 *   D:8 *   D:11 *

Annotations:
D:11 exclusion: downstairs
Shoals:1 1 transporter
Orc:1 1 transporter, ders's ghost, journeyman GrEE


Innate Abilities, Weirdness & Mutations

You have very sharp teeth.
Your uncanny sense of smell can sniff out nearby items.
Your experience applies equally to all skills.


Message History

Your ball lightning explodes!
The blast of lightning engulfs your ball lightning.
Your ball lightning completely resists.
The blast of lightning engulfs the iron giant!
The iron giant is heavily wounded.
The blast of lightning engulfs you!
Your ball lightning explodes!
The blast of lightning engulfs the iron giant!
The iron giant is severely wounded.
The blast of lightning engulfs you!
Casting: Conjure Ball Lightning (dangerous; 2% risk of failure)
Confirm with . or Enter, or press ? or * to list all spells.
Casting: Starburst (dangerous; 2% risk of failure)
Press: ? - help, Dir - look around, f - activate You feel a surge of power!
The bolt of fire hits the iron giant!
The iron giant resists.
The iron giant is severely wounded.
* * * LOW MAGIC WARNING * * *
Casting: Starburst (dangerous; 2% risk of failure)
Confirm with . or Enter, or press ? or * to list all spells.
Casting: Starburst (dangerous; 2% risk of failure)
Press: ? - help, Dir - look around, f - activate You feel a surge of power!
The bolt of fire hits the iron giant!!
The iron giant resists.
The iron giant is almost dead.
* * * LOW MAGIC WARNING * * *
Casting: Starburst (dangerous; 2% risk of failure)
Confirm with . or Enter, or press ? or * to list all spells.
You don't have enough magic to cast this spell.
You hit the iron giant but do no damage.
You burn the iron giant.
The iron giant is almost dead.
You hit the iron giant but do no damage.
You burn the iron giant!
The iron giant is almost dead.
The iron giant hits you!!!
* * * LOW HITPOINT WARNING * * *
The iron giant attacks as you move away!
The iron giant hits you!!
You die...

###################
...................
##+#....................
#......@.............
#......C######......
#.......# #....# .....+
#.......# #....# #. .....#
#.......# #....# #. .....#
#.......######....# #.
.....# #.................#
#.
.....#####......#######....#
#. #!......)......# #....#
#.


You could see an iron giant shaped shifter.

Vanquished Creatures
  Nessos (D:12)
  8 vault guards
  4 hydras
  A catoblepas (D:10)
  A boulder beetle (D:13)
  An ogre mage (D:10)
  2 centaur warriors
  A two-headed ogre (D:9)
  10 death yaks
  Nergalle (D:12)
  Amaemon (Lair:2)
  Lodul (D:12)
  A skeletal warrior (D:12)
  A deep elf pyromancer (D:13)
  3 cyclopes
  2 ugly things (D:12)
  A manticore (D:13)
  8 cane toads
  A torpor snail (Gauntlet)
  An apocalypse crab (Gauntlet)
  A gargoyle (D:11)
  7 black mambas
  An orange demon (Lair:2)
  An unseen horror (D:11)
  4 rime drakes
  7 komodo dragons
  3 meliai (Lair:4)
  3 trolls
  A queen bee (Lair:4)
  A polar bear (Lair:5)
  A hornet (D:9)
  8 blink frogs
  A dream sheep (Lair:3)
  Grinder (D:5)
  2 slime creatures (D:12)
  A vampire (D:11)
  3 wraiths
  4 basilisks
  5 wyverns
  53 yaks
  6 vampire mosquitoes (D:12)
  A warg (Orc:1)
  A steam dragon (D:10)
  Edmund (D:6)
  Duvessa (D:5)
  14 water moccasins
  7 orc warriors
  A sky beast (D:7)
  3 ice beasts
  A black bear (D:6)
  9 ogres
  26 wolves
  11 centaurs
  2 phantoms (D:6)
  14 bullfrogs
  A kobold brigand (D:9)
  2 scorpions
  A gnoll sergeant (D:8)
  Dowan (D:5)
  32 wights
  33 killer bees
  4 howler monkeys (D:11)
  An electric eel (Lair:3)
  A jelly (D:6)
  2 gnoll boudas (D:6)
  2 sleepcaps
  7 orc priests
  7 hounds
  5 iguanas
  Ijyb (D:4)
  11 orc wizards
  7 hell rats
  Robin (D:2)
  31 gnolls
  An adder (D:3)
  3 river rats (Lair:2)
  An ufetubus (D:7)
  A worm (D:3)
  4 dart slugs
  40 orcs
  9 endoplasms
  2 giant cockroaches
  13 goblins
  8 hobgoblins
  5 jackals (D:8)
  4 quokkas
  7 ball pythons
  6 bats
  4 frilled lizards
  6 kobolds
  8 rats
  A foxfire (D:9)
529 creatures vanquished.

Vanquished Creatures (collateral kills)
  A ball lightning (D:12)
  12 foxfires (D:6)
13 creatures vanquished.

Vanquished Creatures (others)
  An orc wizard (Orc:1)
  52 ball lightnings
  A demonic plant (Gauntlet)
  140 foxfires
  157 fulminant prisms
  66 fungi
  108 plants
  10 withered plants (Lair:2)
535 creatures vanquished.

Grand Total: 1077 creatures vanquished

Notes
Turn   | Place    | Note
-------+----------+-------------------------------------------
     0 | D:1      | Monarks the Gnoll Conjurer began the quest for the Orb.
     0 | D:1      | Reached XP level 1. HP: 13/13 MP: 6/6
    25 | D:1      | Found a faded altar of an unknown god.
   536 | D:1      | Reached XP level 2. HP: 19/19 MP: 4/7
   831 | D:1      | Learned a level 2 spell: Searing Ray
   833 | D:1      | Learned a level 1 spell: Foxfire
  1164 | D:2      | Noticed Robin
  1189 | D:2      | Killed Robin
  1190 | D:2      | Reached skill level 5 in Spellcasting
  1190 | D:2      | Reached XP level 3. HP: 25/25 MP: 0/9
  1301 | D:2      | Reached skill level 1 in Invocations
  1823 | D:2      | Reached skill level 1 in Fighting
  1823 | D:2      | Reached skill level 1 in Short Blades
  1823 | D:2      | Reached skill level 1 in Long Blades
  1823 | D:2      | Reached skill level 1 in Axes
  1823 | D:2      | Reached skill level 1 in Maces & Flails
  1823 | D:2      | Reached skill level 1 in Polearms
  1823 | D:2      | Reached skill level 1 in Staves
  1823 | D:2      | Reached skill level 1 in Ranged Weapons
  1823 | D:2      | Reached skill level 1 in Throwing
  1823 | D:2      | Reached skill level 1 in Armour
  1823 | D:2      | Reached skill level 1 in Shields
  1823 | D:2      | Reached skill level 1 in Unarmed Combat
  1823 | D:2      | Reached skill level 1 in Evocations
  2061 | D:2      | Reached XP level 4. HP: 32/32 MP: 6/11
  2143 | D:2      | Reached skill level 1 in Hexes
  2143 | D:2      | Reached skill level 1 in Summonings
  2143 | D:2      | Reached skill level 1 in Necromancy
  2143 | D:2      | Reached skill level 1 in Translocations
  2143 | D:2      | Reached skill level 1 in Transmutations
  2143 | D:2      | Reached skill level 1 in Fire Magic
  2143 | D:2      | Reached skill level 1 in Ice Magic
  2143 | D:2      | Reached skill level 1 in Air Magic
  2143 | D:2      | Reached skill level 1 in Earth Magic
  2143 | D:2      | Reached skill level 1 in Poison Magic
  3122 | D:3      | Noticed an ice beast
  3205 | D:3      | Reached XP level 5. HP: 37/37 MP: 8/12
  3271 | D:3      | Found a shimmering altar of Xom.
  3403 | D:4      | Found a snail-covered altar of Cheibriados.
  3642 | D:4      | Reached XP level 6. HP: 44/44 MP: 6/13
  3799 | D:4      | Reached skill level 5 in Dodging
  3901 | D:4      | Reached skill level 2 in Short Blades
  4031 | D:4      | Found a staircase to the Ecumenical Temple.
  4064 | Temple   | Entered the Ecumenical Temple
  4064 | Temple   | Found a transporter.
  4064 | Temple   | Found a transporter.
  4066 | Temple   | Found a transporter.
  4066 | Temple   | Found a transporter.
  4165 | Temple   | Became a worshipper of Vehumet
  4224 | D:4      | Found a basalt altar of Yredelemnul.
  4500 | D:5      | Entered Level 5 of the Dungeon
  4729 | D:5      | Reached XP level 7. HP: 50/50 MP: 7/15
  5054 | D:5      | Found a sacrificial altar of Ru.
  5160 | D:5      | Noticed Ijyb
  5172 | D:5      | Noticed Grinder
  5207 | D:4      | Killed Ijyb
  5324 | D:3      | Reached skill level 5 in Stealth
  5394 | D:3      | Found an ancient bone altar of Kikubaaqudgha.
  5566 | D:5      | Killed Grinder
  5711 | D:5      | You fall into a shaft and drop 1 floor!
  5711 | D:6      | Found an ornate altar of the Wu Jian Council.
  5850 | D:6      | Reached skill level 3 in Short Blades
  5850 | D:6      | Reached XP level 8. HP: 53/58 MP: 5/16
  6165 | D:5      | Noticed Duvessa
  6165 | D:5      | Noticed Dowan
  6198 | D:5      | Killed Duvessa
  6273 | D:5      | Killed Dowan
  6386 | D:5      | Found a glowing golden altar of the Shining One.
  7563 | D:6      | Reached XP level 9. HP: 65/65 MP: 12/18
  7730 | D:6      | Reached skill level 4 in Short Blades
  7817 | D:6      | Learned a level 4 spell: Fulminant Prism
  7822 | D:6      | Learned a level 4 spell: Iskenderun's Mystic Blast
  7881 | D:6      | Noticed Edmund
  7907 | D:6      | Killed Edmund
  8331 | D:7      | Reached * piety under Vehumet
  8331 | D:7      | Offered knowledge of Freeze by Vehumet.
  9002 | D:7      | Reached skill level 5 in Invocations
  9249 | D:7      | Learned a level 4 spell: Airstrike
  9290 | D:7      | Found Gingarhe's Assorted Antiques.
  9989 | D:8      | Reached skill level 5 in Fighting
  9989 | D:8      | Reached skill level 5 in Short Blades
  9989 | D:8      | Reached skill level 5 in Long Blades
  9989 | D:8      | Reached skill level 5 in Axes
  9989 | D:8      | Reached skill level 5 in Maces & Flails
  9989 | D:8      | Reached skill level 5 in Polearms
  9989 | D:8      | Reached skill level 5 in Staves
  9989 | D:8      | Reached skill level 5 in Ranged Weapons
  9989 | D:8      | Reached skill level 5 in Throwing
  9989 | D:8      | Reached skill level 5 in Armour
  9989 | D:8      | Reached skill level 5 in Shields
  9989 | D:8      | Reached skill level 5 in Unarmed Combat
  9989 | D:8      | Reached skill level 5 in Evocations
  9989 | D:8      | Reached XP level 10. HP: 72/74 MP: 7/20
 10476 | D:8      | Learned a level 3 spell: Teleport Other
 10623 | D:8      | Reached ** piety under Vehumet
 10772 | D:8      | Offered knowledge of Momentum Strike by Vehumet.
 11456 | D:8      | Found Ediwasoe's General Store.
 11460 | D:8      | Bought a +1 robe of positive energy for 145 gold pieces
 12376 | D:9      | Found an iron altar of Okawaru.
 12701 | D:9      | Reached skill level 6 in Short Blades
 12713 | D:9      | Offered knowledge of Frozen Ramparts by Vehumet.
 12810 | D:9      | Noticed a two-headed ogre
 12822 | D:9      | Killed a two-headed ogre
 12837 | D:9      | Reached skill level 5 in Hexes
 12837 | D:9      | Reached skill level 5 in Summonings
 12837 | D:9      | Reached skill level 5 in Necromancy
 12837 | D:9      | Reached skill level 5 in Translocations
 12837 | D:9      | Reached skill level 5 in Transmutations
 12837 | D:9      | Reached skill level 5 in Fire Magic
 12837 | D:9      | Reached skill level 5 in Ice Magic
 12837 | D:9      | Reached skill level 5 in Air Magic
 12837 | D:9      | Reached skill level 5 in Earth Magic
 12837 | D:9      | Reached skill level 5 in Poison Magic
 12941 | D:9      | Reached *** piety under Vehumet
 13009 | D:9      | Reached XP level 11. HP: 81/81 MP: 15/22
 13171 | D:9      | Found a staircase to the Orcish Mines.
 13712 | D:9      | Found a hide-covered altar of Uskayaw.
 13736 | D:10     | Entered Level 10 of the Dungeon
 13891 | D:10     | Reached skill level 7 in Short Blades
 14099 | D:10     | Noticed a centaur warrior
 14135 | D:10     | Noticed an ogre mage
 14248 | D:10     | Noticed a catoblepas
 14274 | D:10     | Identified the +8 trident of Conformity {flame, +Blink
                  | Str+2 Dex-4}
 14466 | D:10     | Killed a catoblepas
 14622 | Orc:1    | Entered Level 1 of the Orcish Mines
 14625 | Orc:1    | Offered knowledge of Olgreb's Toxic Radiance by Vehumet.
 15300 | Orc:1    | Found a transporter.
 15329 | Orc:1    | Noticed ders's ghost (journeyman GrEE)
 15332 | Orc:1    | Noticed an orc knight
 15675 | Orc:1    | Noticed a boulder beetle
 15726 | D:10     | Noticed a cyclops
 15726 | D:10     | Noticed a cyclops
 15746 | D:10     | Killed a cyclops
 15870 | D:10     | Killed a cyclops
 16364 | D:12     | Noticed Nessos
 16823 | D:10     | Upgraded the game from 0.31-a0-8-gd14b0f4ee2 to
                  | 0.31-a0-14-gc80a10f4b6
 16866 | D:11     | Reached **** piety under Vehumet
 17093 | D:11     | Reached skill level 8 in Short Blades
 17206 | D:11     | Offered knowledge of Flame Wave by Vehumet.
 18072 | D:11     | Reached XP level 12. HP: 91/91 MP: 19/24
 18600 | D:11     | Found Vial's Assorted Antiques.
 18609 | D:11     | Bought a potion of heal wounds for 165 gold pieces
 18609 | D:11     | Bought a potion of heal wounds for 165 gold pieces
 18866 | D:11     | Learned a level 6 spell: Starburst
 19576 | D:10     | Killed an ogre mage
 19984 | D:10     | Killed a centaur warrior
 20095 | D:10     | Found a staircase to the Lair.
 20175 | D:10     | Reached skill level 9 in Short Blades
 20609 | Lair:1   | Entered Level 1 of the Lair of Beasts
 20901 | Lair:1   | Found a gate leading to a gauntlet.
 20951 | Gauntlet | Entered a Gauntlet
 20951 | Gauntlet | Found a transporter.
 20955 | Gauntlet | Found a transporter.
 20957 | Gauntlet | Found a transporter.
 20959 | Gauntlet | Noticed a cacodemon
 20975 | Gauntlet | Found a transporter.
 20987 | Gauntlet | Found a transporter.
 21005 | Gauntlet | Found a transporter.
 21005 | Gauntlet | Noticed a death scarab
 21008 | Gauntlet | Found a transporter.
 21009 | Gauntlet | Noticed a death scarab
 21012 | Gauntlet | Found a transporter.
 21029 | Gauntlet | Found a transporter.
 21037 | Gauntlet | Found a transporter.
 21037 | Gauntlet | Found a transporter.
 21045 | Gauntlet | Found a transporter.
 21089 | Gauntlet | Noticed an eight-headed hydra
 21209 | Gauntlet | Identified the ring "Ithuary" {rCorr Str+6}
 21377 | Gauntlet | Killed an eight-headed hydra
 21593 | Gauntlet | Identified the +8 scimitar "Kiamoef" {heavy, rCorr Stlth+}
 21593 | Gauntlet | Noticed a minotaur
 21841 | D:7      | Bought a staff of fire for 600 gold pieces
 22859 | Lair:1   | Reached ***** piety under Vehumet
 23814 | Lair:2   | Found a staircase to the Snake Pit.
 23831 | Lair:2   | Reached skill level 10 in Short Blades
 23945 | Lair:2   | Reached XP level 13. HP: 98/98 MP: 8/26
 24113 | Lair:2   | Found a staircase to the Shoals.
 24493 | Lair:2   | Offered knowledge of Yara's Violent Unravelling by Vehumet.
 24580 | Lair:2   | Reached skill level 10 in Conjurations
 24745 | Lair:2   | Noticed Amaemon
 24785 | Lair:2   | Killed Amaemon
 25202 | Shoals:1 | Entered Level 1 of the Shoals
 25202 | Shoals:1 | Found a transporter.
 26046 | Lair:3   | Reached skill level 10 in Spellcasting
 27442 | Lair:4   | Learned a level 5 spell: Lee's Rapid Deconstruction
 27502 | Lair:4   | Reached skill level 11 in Short Blades
 27799 | Lair:4   | Reached skill level 10 in Dodging
 28574 | Lair:4   | Reached skill level 10 in Stealth
 29400 | Lair:3   | Reached XP level 14. HP: 89/108 MP: 12/28
 29479 | Lair:4   | Found a hazy altar of Hepliaklqana.
 29528 | Lair:4   | Reached skill level 10 in Invocations
 30291 | Lair:4   | Offered knowledge of Conjure Ball Lightning by Vehumet.
 30608 | Lair:4   | Found a staircase to the Slime Pits.
 31243 | Lair:5   | Entered Level 5 of the Lair of Beasts
 31303 | Lair:5   | Reached skill level 12 in Short Blades
 31958 | Lair:4   | Learned a level 6 spell: Conjure Ball Lightning
 32186 | D:12     | Killed Nessos
 32190 | D:12     | Noticed Nergalle
 32294 | D:12     | Killed Nergalle
 32828 | D:12     | Noticed Lodul
 32835 | D:12     | Killed Lodul
 33918 | D:8      | Bought a potion of curing for 45 gold pieces
 35593 | D:13     | Noticed an azure jelly
 35597 | D:13     | an azure jelly changed into an iron giant
 35597 | D:13     | Noticed an iron giant (shapeshifter)
 35609 | D:13     | Slain by an iron giant (shapeshifter)

Illustrated notes

Levels and vault maps discovered:
D:1:      dpeg_arrival_rhombus, layout_basic, ebering_ecumenical_altar_petrified
D:2:      layout_loops_corners, uniq_robin
D:3:      layout_rooms, tgw_xom, mainiacjoe_overflow_cross_hatched,
          serial_bayou_pond_c, minmay_misc_feat_square, nrook_uturn
D:4:      layout_cave_pools, mainiacjoe_overflow_boulevard, cheibriados_altar_1,
          minmay_temple_entry_glassed_door
D:5:      layout_basic, mainiacjoe_overflow_catwalk_spiral, uniq_ijyb,
          uniq_duvessa, uniq_grinder
D:6:      layout_loops_ring, pdpol_wu_jian_five_deadly_venoms, minivault_22,
          kennysheep_boxes, uniq_edmund
D:7:      layout_rooms, serial_shops, nicolae_shop_hallway_plus
D:8:      layout_cave_pools, serial_gnoll_camp, gnoll_camp_mini_shop,
          gnoll_camp_mini_doghouse, gnoll_camp_mini_basic, gnoll_camp_mini_hut,
          minmay_manual_mess
D:9:      nicolae_cairo_tiling_large, layout_cave_pools,
          lemuel_coloured_pillars_altar, kennysheep_mini_moat, david_orc_2
D:10:     minmay_diamond_stairs, layout_irregular_city, hellmonk_lair_entry_icy,
          nicolae_elevator_lobby_plus
D:11:     layout_layer_cave, serial_shops, shop
D:12:     layout_cave_pools, lightli_fourway_metalbox, uniq_nergalle,
          uniq_nessos, uniq_lodul
D:13:     layout_irregular_city, erik_vaults_2
Temple:   hellmonk_temple_divided_pantheon
Lair:1:   layout_loops_ring, gauntlet_entry_generic
Lair:2:   layout_gridlike, elwin_shoals_entry_rocks, dummy_snake_entry,
          pdpol_lair_neglected_garden, kennysheep_abandoned_house, uniq_amaemon
Lair:3:   nzn_winding_woodlands_small [nzn_winding_woodlands_5x15_crooked,
          nzn_winding_woodlands_center_triple_pond,
          nzn_winding_woodlands_5x15_jagged], layout_gridlike
Lair:4:   layout_roguey [special_room_bee], slime_entry_1, serial_bayou_ford_a,
          lemuel_centaur_altar
Lair:5:   evilmike_catoblepas_cave, layout_long_grid
Shoals:1: layout_shoals, serial_nicolae_subway, nicolae_sub_station_metal,
          nicolae_sub_station_crystal, nicolae_sub_station_stone
Orc:1:    layout_diamond_mine, gammafunk_ghost_arena, serial_shops, shop,
          rock_pile

Skill      XL: |  1  2  3  4  5  6  7  8  9 10 11 12 13 14 |
---------------+-------------------------------------------+-----
Spellcasting   | 5 6 7 8 9 10 11 | 11.1
Invocations    | 1 2 3 4 5 6 7 8 9 10 | 10.8
Fighting       | 1 2 3 5 6 7 8 9 |  9.9
Short Blades   | 1 2 3 5 6 8 10 11 12 | 12.7
Long Blades    | 1 2 3 5 6 7 8 9 |  9.9
Axes           | 1 2 3 5 6 7 8 9 |  9.9
Maces & Flails | 1 2 3 5 6 7 8 9 |  9.9
Polearms       | 1 2 3 5 6 7 8 9 |  9.9
Staves         | 1 2 3 5 6 7 8 9 |  9.9
Ranged Weapons | 1 2 3 5 6 7 8 9 |  9.9
Throwing       | 1 2 3 5 6 7 8 9 |  9.9
Armour         | 1 2 3 5 6 7 8 9 |  9.9
Shields        | 1 2 3 5 6 7 8 9 |  9.9
Unarmed Combat | 1 2 3 5 6 7 8 9 |  9.9
Evocations     | 1 2 3 5 6 7 8 9 |  9.9
Hexes          | 1 2 3 4 5 6 7 8 |  8.3
Summonings     | 1 2 3 4 5 6 7 8 |  8.3
Necromancy     | 1 2 3 4 5 6 7 8 |  8.3
Translocations | 1 2 3 4 5 6 7 8 |  8.3
Transmutations | 1 2 3 4 5 6 7 8 |  8.3
Fire Magic     | 1 2 3 4 5 6 7 8 |  8.3
Ice Magic      | 1 2 3 4 5 6 7 8 |  8.3
Air Magic      | 1 2 3 4 5 6 7 8 |  8.3
Earth Magic    | 1 2 3 4 5 6 7 8 |  8.3
Poison Magic   | 1 2 3 4 5 6 7 8 |  8.3
Dodging        | 5 6 7 8 9 10 11 | 11.0
Stealth        | 5 6 7 8 9 10 | 10.8
Conjurations   | 8 9 10 11 | 11.0

Action                     |  1- 3 |  4- 6 |  7- 9 | 10-12 | 13-15 || total
---------------------------+-------+-------+-------+-------+-------++-------
  Melee: Unarmed           |     7 |       |       |       |       ||     7
         Bite              |     1 |     1 |     2 |    20 |    41 ||    65
         Punch             |     1 |       |       |       |       ||     1
         Club              |     3 |     5 |     5 |       |       ||    13
         Spear             |       |       |    14 |       |       ||    14
         Scimitar          |       |       |    10 |    41 |       ||    51
         Staff             |       |       |       |   118 |   251 ||   369
   Cast: Magic Dart        |    69 |   102 |    73 |    87 |    58 ||   389
         Foxfire           |     2 |     8 |    45 |    33 |     7 ||    95
         Searing Ray       |     1 |    18 |    49 |    22 |     1 ||    91
         Iskenderun's Myst |       |       |    16 |   158 |    66 ||   240
         Fulminant Prism   |       |       |    10 |    78 |    69 ||   157
         Airstrike         |       |       |     5 |    85 |    67 ||   157
         Teleport Other    |       |       |       |     3 |       ||     3
         Starburst         |       |       |       |     8 |    82 ||    90
         Lee's Rapid Decon |       |       |       |       |    16 ||    16
         Conjure Ball Ligh |       |       |       |       |    21 ||    21
    Use: Scroll            |       |       |    11 |    16 |    10 ||    37
         Potion            |       |       |       |    12 |     5 ||    17
 Armour: Robe              |     9 |       |     3 |    80 |    75 ||   167
         Leather armour    |       |     1 |     6 |       |       ||     7
  Dodge: Dodged            |    19 |    12 |    83 |   215 |   227 ||   556
  Block: Buckler           |       |       |    11 |    69 |    77 ||   157

Table legend: (Time is in decaauts)
 A = Elapsed time spent in this place.
 B = Non-inter-level travel time spent in this place.
 C = Inter-level travel time spent in this place.
 D = Time resting spent in this place.
 E = Time spent auto-exploring this place.
 F = Levels seen in this place.
 G = Mean time per level.
                   A        B        C        D        E       F      G
               +--------+--------+--------+--------+--------+-----+--------+
         Total |  35693 |  34385 |   1308 |  13516 |  12123 |  22 | 1622.4 |
       Dungeon |  23945 |  22897 |   1048 |   8891 |   8932 |  13 | 1841.9 |
        Temple |    120 |    107 |     13 |      0 |      6 |   1 |  120.0 |
          Lair |  10452 |  10206 |    246 |   4226 |   2971 |   5 | 2090.4 |
        Shoals |      1 |      1 |      0 |      0 |      0 |   1 |    1.0 |
  Orcish Mines |    508 |    508 |      0 |    115 |     55 |   1 |  508.0 |
      Gauntlet |    665 |    665 |      0 |    284 |    158 |   1 |  665.0 |
               +--------+--------+--------+--------+--------+-----+--------+

Top non-repeatable levels by time:
    D:11: 3179 daAuts
  Lair:4: 3131 daAuts
    D:10: 2945 daAuts
  Lair:3: 2796 daAuts
     D:9: 2420 daAuts
  Lair:2: 2316 daAuts
    D:12: 2240 daAuts
     D:8: 2121 daAuts
     D:6: 2034 daAuts
     D:7: 1822 daAuts
  Lair:1: 1707 daAuts
     D:5: 1650 daAuts
     D:2: 1471 daAuts
     D:3: 1177 daAuts
     D:4: 1145 daAuts
